 Dungeon Sprint DCSS version 0.22.1-1-ga44c0e56f4 (webtiles) character file.

2118 MuseOD the Spear-Bearer (level 9, -3/121 HPs)
             Began as a Merfolk Berserker on Oct 4, 2018.
             Was an Elder of Trog.
             Slain by a skeletal warrior
             ... wielding a +0 halberd
              (28 damage)
             ... in the Dungeon (Sprint II: "The Violet Keep of Menkaure").
             The game lasted 00:01:56 (685 turns).

MuseOD the Spear-Bearer (Merfolk Berserker)          Turns: 685, Time: 00:01:57

Health: -3/121     AC:  2    Str: 23      XL:     9   Next: 29%
Magic:  8/8        EV: 25    Int:  6 (7)  God:    Trog [****..]
Gold:   729        SH:  0    Dex: 13      Spells: 8/8 levels left

rFire    . . .     SeeInvis .   a - +0 spear
rCold    . . .     Gourm    .   (no shield)
rNeg     . . .     Faith    .   b - +0 animal skin
rPois    .         Spirit   .   (no helmet)
rElec    .         Reflect  .   (no cloak)
rCorr    .         Harm     .   (no gloves)
MR       .....     Rnd*Rage +   (boots currently unavailable) Stlth ..........NoTele +
                                (no amulet)
HPRegen  0.30/turn              (no ring)
MPRegen  0.11/turn              (no ring)

@: berserking, very quick
A: change form in water, swift swim, stealthy swim, berserk 1, deterioration 1,
low mp 1, weak 1
a: Berserk, Trog's Hand, Brothers in Arms, Renounce Religion


You were in the Dungeon.
You worshipped Trog.
Trog was greatly pleased with you.
You were very hungry.

You visited 1 branch You collected 729 gold pieces.

Inventory:

Hand Weapons
 a - a +0 spear (weapon)
Armour
 b - a +0 animal skin (worn)
Jewellery
 c - a cursed amulet of inaccuracy {unknown}
Scrolls
 i - a scroll of blinking
Potions
 d - a potion of curing
 g - 2 potions of magic
 h - a potion of berserk rage


   Skills:
 + Level 11.6 Fighting
 + Level 14.5 Polearms
 + Level 8.1 Armour
 + Level 13.2 Dodging


You had 8 spell levels left.
You didn't know any spells.
Your spell library was empty.

Dungeon Overview and Level Annotations

Branches:
Dungeon (1/1)

Altars:

Shops:
D !?(:[!?(}=%=

Annotations:
D Kirke


Innate Abilities, Weirdness & Mutations

You revert to your normal form in water.
You are very nimble and swift while swimming.
You are very stealthy in the water. (Stealth+)
You tend to lose your temper in combat.
Your body sometimes deteriorates upon taking damage.
Your magical capacity is low. (-10% MP)
You are weak. (Str -2)


Message History

You completely miss the manticore. You tail-slap the manticore.
The manticore is lightly wounded.
You barely miss the manticore.
The manticore is lightly wounded.
The manticore closely misses you. The manticore completely misses you. x2
You puncture the manticore!
The manticore is heavily wounded.
The skeletal warrior hits you from afar with a halberd!
* * * LOW HITPOINT WARNING * * *
Your body deteriorates!
You feel dopey.
You puncture the manticore!
The manticore is severely wounded.
You puncture the manticore!
The manticore is almost dead.
The manticore misses you. The manticore completely misses you.
The manticore barely misses you.
You hit the manticore but do no damage.
The manticore is almost dead.
The skeletal warrior hits you from afar with a halberd!!
You die...

### § #5cK#### ..
#5Y@zH≈## ..
########@≈#+++#++
#######≈≈≈.......
∩.....#≈≈≈≈.##+##
.∩....#≈≈≈≈##$ .##
∩.∩...#≈≈≈≈#.w w.
.∩.∩..#≈≈### .#. ##
..∩.⌠.#≈##.###+###.#
.∩.∩..#≈#...##.##.#
∩.∩...+≈'.#.).<.'##


You could see Kirke, an elephant, a skeletal warrior, a centaur warrior, a
manticore, a kobold demonologist, a white imp and a shadow imp.

Vanquished Creatures
  A yaktaur captain (D)
  A merfolk siren (D)
  2 hippogriffs (D)
  4 neqoxecs (D)
  Menkaure (D)
  A scorpion (D)
10 creatures vanquished.

Vanquished Creatures (others)
  A crocodile (D)
1 creature vanquished.

Grand Total: 11 creatures vanquished

Notes
Turn   | Place    | Note
-------+----------+-------------------------------------------
     0 | D        | MuseOD the Merfolk Berserker began the quest for the Orb.
     0 | D        | Reached XP level 1. HP: 18/18 MP: 1/1
     1 | D        | Noticed a hippogriff
     1 | D        | Noticed a hippogriff
     7 | D        | Killed a hippogriff
     7 | D        | Reached skill level 8 in Polearms
     7 | D        | Reached XP level 2. HP: 26/29 MP: 2/2
     7 | D        | Reached XP level 3. HP: 31/35 MP: 3/3
     7 | D        | Reached XP level 4. HP: 37/41 MP: 4/4
     7 | D        | Reached XP level 5. HP: 42/47 MP: 5/5
    13 | D        | Killed a hippogriff
    13 | D        | Reached skill level 10 in Polearms
    13 | D        | Reached skill level 5 in Armour
    13 | D        | Reached XP level 6. HP: 32/56 MP: 6/6
   254 | D        | Noticed a tyrant leech
   254 | D        | Noticed a tyrant leech
   257 | D        | Noticed a merfolk siren
   271 | D        | Killed a merfolk siren
   271 | D        | Reached ** piety under Trog
   271 | D        | Reached skill level 12 in Polearms
   271 | D        | Reached skill level 10 in Dodging
   271 | D        | Reached XP level 7. HP: 64/64 MP: 7/7
   343 | D        | Noticed a neqoxec
   343 | D        | Gained mutation: You are weak. (Str -2) [a neqoxec]
   351 | D        | Killed a neqoxec
   354 | D        | Noticed a neqoxec
   355 | D        | Noticed a neqoxec
   355 | D        | Noticed a neqoxec
   373 | D        | Gained mutation: You tend to lose your temper in combat. [a
                  | neqoxec]
   375 | D        | Gained mutation: Your magical capacity is low. (-10% MP) [a
                  | neqoxec]
   381 | D        | Killed a neqoxec
   381 | D        | Reached skill level 10 in Fighting
   381 | D        | Reached XP level 8. HP: 52/72 MP: 7/7
   393 | D        | Lost intelligence.
   399 | D        | Reached *** piety under Trog
   424 | D        | Gained mutation: Your body sometimes deteriorates upon
                  | taking damage. [a neqoxec]
   431 | D        | Reached skill level 13 in Polearms
   447 | D        | Found Wicuem's Jewellery Shop.
   448 | D        | Found Qemir's Jewellery Shop.
   448 | D        | Found Daroj's Gadget Boutique.
   448 | D        | Found Jakk's Food Boutique.
   586 | D        | Found Turricvu's Distillery.
   586 | D        | Found Zoteoz's Antique Armour Shop.
   587 | D        | Found Iwoss's Magic Scroll Shop.
   587 | D        | Found Koasa's Antique Weapon Boutique.
   587 | D        | Found Enel's Antique Weapon Shop.
   587 | D        | Found Agymuko's Magic Scroll Boutique.
   588 | D        | Found Zunad's Book Boutique.
   588 | D        | Noticed a hippogriff
   595 | D        | Found Uqisiheu's Distillery.
   595 | D        | Noticed Menkaure
   595 | D        | Noticed a hippogriff
   604 | D        | Killed Menkaure
   604 | D        | Reached **** piety under Trog
   657 | D        | Noticed an elephant
   657 | D        | Noticed a centaur warrior
   657 | D        | Noticed Kirke
   657 | D        | Noticed a kobold demonologist
   657 | D        | Noticed a skeletal warrior
   657 | D        | Noticed a yaktaur captain
   659 | D        | Noticed a redback
   669 | D        | Killed a yaktaur captain
   669 | D        | Reached skill level 14 in Polearms
   669 | D        | Reached XP level 9. HP: 65/81 MP: 8/8
   679 | D        | Noticed a manticore
   685 | D        | Slain by a skeletal warrior

Skill      XL: |  1  2  3  4  5  6  7  8 |
---------------+-------------------------+-----
Fighting       | 6 8 9 10 11 | 11.6
Polearms       | 8 10 12 14 | 14.5
Armour         | 4 5 6 8 |  8.1
Dodging        | 7 9 10 11 13 | 13.2

Action                   |  1- 3 |  4- 6 |  7- 9 || total
-------------------------+-------+-------+-------++-------
Melee: Spear             |     5 |    16 |   120 ||   141
       Tailslap          |       |       |     3 ||     3
Invok: Berserk           |     1 |     1 |     3 ||     5
       Trog's Hand       |       |       |     2 ||     2
  Use: Potion            |       |       |     2 ||     2
  Eat: Ration            |       |       |     1 ||     1
Armor: Animal skin       |       |       |     3 ||     3
Dodge: Dodged            |     3 |     3 |    46 ||    52
